 Dungeon Crawl Stone Soup version 0.22.1-6-g1668fe2c40 (webtiles) character file.

4 Forgol the Grasshopper (level 1, 0/18 HPs)
             Began as a Ghoul Warper on Jan 29, 2019.
             Slain by an ooze (4 damage)
             ... on level 1 of the Dungeon.
             The game lasted 00:00:58 (137 turns).

Forgol the Grasshopper (Ghoul Warper)                Turns: 137, Time: 00:00:59

Health: 0/18       AC:  3    Str: 14    XL:     1   Next: 70%
Magic:  2/2        EV: 11    Int:  8    God:
Gold:   45         SH:  0    Dex:  8    Spells: 3/3 levels left

rFire    . . .     SeeInvis .     - Unarmed
rCold    + . .     Gourm    .   (no shield)
rNeg     + + +     Faith    .   a - +0 leather armour
rPois    ∞         Spirit   .   (no helmet)
rElec    .         Reflect  .   (no cloak)
rCorr    .         Harm     .   (no gloves)
MR       .....                  (no boots)
Stlth    +.........             (no amulet)
HPRegen  0.00/turn              (no ring)
MPRegen  0.08/turn              (no ring)

@: rotting
A: rotting body, claws 1, carnivore, cold resistance 1, negative energy
resistance 3, inhibited regeneration, torment resistance, unbreathing
a: no special abilities


You were on level 1 of the Dungeon.
You were not hungry.

You visited 1 branch of the dungeon, and saw 1 of its levels.

You collected 45 gold pieces.

Inventory:

Missiles
 d - 5 tomahawks of dispersal (quivered)
Armour
 a - a +0 leather armour (worn)
Jewellery
 b - an uncursed ring of wizardry {unknown}
Scrolls
 c - a scroll of blinking
 e - a scroll of remove curse {unknown}
 g - a scroll of enchant armour {unknown}
Comestibles
 f - a ration


   Skills:
 + Level 2.3 Fighting
 - Level 0.8 Throwing
 + Level 1.0 Armour
 + Level 1.9 Dodging
 + Level 2.3 Unarmed Combat
 - Level 1.7 Spellcasting
   Level 2.6 Translocations


You had 3 spell levels left.
You didn't know any spells.
Your spell library contained the following spells:

 Spells                   Type           Power        Failure   Level  Hunger
 Blink                    Tloc           N/A          22%         2    ###....
 Shroud of Golubria       Chrm/Tloc      #.........   36%         2    ###....
 Gell's Gravitas          Tloc           #.........   41%         3    ####...
 Lesser Beckoning         Tloc           #.........   41%         3    ####...
 Teleport Other           Tloc           #.......     41%         3    ####...
 Passage of Golubria      Tloc           N/A          83%         4    #####..


Dungeon Overview and Level Annotations

Branches:
Dungeon (1/15)

Altars:


Innate Abilities, Weirdness & Mutations

Your body is rotting away.
You thrive on raw meat.
You are immune to poison.
You have sharp fingernails.
You are carnivorous and can eat meat at any time.
Your flesh is cold resistant. (rC+)
You are immune to negative energy. (rN+++)
You do not regenerate when monsters are visible.
You are immune to unholy pain and torment.
You can survive without breathing.


Message History

Found a leather armour.
You see here a club.
The ooze hits you but does no damage.
You completely miss the ooze. The ooze hits you.
You are too injured to fight recklessly!
You are too injured to fight recklessly!
You are too injured to fight recklessly!
You are too injured to fight recklessly!
You are too injured to fight recklessly!
You claw the ooze!
The ooze is severely wounded.
The ooze barely misses you.
You scratch the ooze.
The ooze is almost dead.
The ooze hits you.
* * * LOW HITPOINT WARNING * * *
You scratch the ooze but do no damage.
The ooze is almost dead.
The ooze hits you.
You die...

#####.# ......#
#..[.........#
......#
#............#
......#
#............#
......#
#............#
......#
.............#
......#
.............#
......#
.............#
......#
......J@.)...# .....
.............+ .....
............)#######
.....
.########...........
##### #..
......$..###### #
#.# ########.# # #.#
#.# # #.# #.# # #.#
#.#


You could see an ooze.

Vanquished Creatures
  A bat (D:1)
  2 hobgoblins (D:1)
  A rat (D:1)
4 creatures vanquished.

Notes
Turn   | Place    | Note
-------+----------+-------------------------------------------
     0 | D:1      | Forgol the Ghoul Warper began the quest for the Orb.
     0 | D:1      | Reached XP level 1. HP: 17/17 MP: 2/2
   126 | D:1      | Reached skill level 1 in Armour
   137 | D:1      | Slain by an ooze

Skill      XL: |  1 |
---------------+----+-----
Armour         | 1 |  1.0
Fighting       | |  2.3
Throwing       | |  0.8
Dodging        | |  1.9
Unarmed Combat | |  2.3
Spellcasting   | |  1.7
Translocations | |  2.6

Action                   || total
-------------------------++-------
Melee: Unarmed           ||    13
       Punch             ||     1
Armor: Leather armour    ||     3
Dodge: Dodged            ||     6
